 Dungeon Crawl Stone Soup version 0.31-a0-750-gfe7b580527 (webtiles) character file.

Game seed: 13592823403158296644

343 Aneyh the Poker (level 6, -8/37 HPs)
             Began as a Tengu Monk on Sept 14, 2023.
             Mangled by a black bear (9 damage)
             ... on level 4 of the Dungeon.
             The game lasted 00:04:03 (2502 turns).

Aneyh the Poker (Tengu Monk)                        Turns: 2502, Time: 00:04:03

Health: -8/37      AC:  4    Str: 13    XL:     6   Next: 57%
Magic:  7/7        EV: 13    Int: 11    God:
Gold:   88         SH:  0    Dex: 16    Spells: 5/5 levels left

rFire   . . .        a - +0 spear
rCold   . . .        (no shield)
rNeg    . . .        b - +0 robe
rPois   .            (helmet restricted)
rElec   .            f - +1 cloak
rCorr   .            (no gloves)
SInv    .            (boots unavailable)
Will    .....        (no amulet)
Stlth   +            (no ring)
HPRegen 0.26/turn    (no ring)
MPRegen 0.10/turn

%: acrobat
@: no status effects
A: beak, talons 3, acrobatic
a: no special abilities


You were on level 4 of the Dungeon.
You visited 1 branch of the dungeon, and saw 4 of its levels.

You collected 88 gold pieces.

Inventory:

Hand Weapons
 a - a +0 spear (weapon)
 y - a +0 scimitar
 z - a +0 scimitar
 A - a +0 vampiric short sword
Armour
 b - a +0 robe (worn)
 d - an orb of light
 f - a +1 cloak (worn)
 m - a +3 plate armour
 w - a +0 cloak
Jewellery
 j - a ring of see invisible
 v - a +5 ring of evasion
Scrolls
 h - a scroll of enchant armour
 i - a scroll of butterflies
 t - a scroll of vulnerability
 u - 2 scrolls of noise
Potions
 e - 2 potions of attraction {unknown}
 g - 2 potions of haste {unknown}
 k - a potion of invisibility
 n - a potion of curing {unknown}
 q - a potion of heal wounds
 r - a potion of might {unknown}
 s - a potion of enlightenment {unknown}
 x - a potion of mutation {unknown}


   Skills:
 - Level 3.0 Fighting
 + Level 4.4 Long Blades
 - Level 6.3 Polearms
 - Level 3.2 Dodging


You had 5 spell levels left.
You didn't know any spells.
Your spell library contained the following spells:

 Spells                   Type           Power      Damage    Failure   Level
 Chain Lightning          Conj/Air       0%         N/A       100%        9
 Fire Storm               Conj/Fire      0%         5d1       100%        9
 Shatter                  Erth           0%         3d5*      100%        9


Dungeon Overview and Level Annotations

Branches:
Dungeon (4/15)
 Temple: D:4-7

Altars:
Wu Jian


Innate Abilities, Weirdness & Mutations

You have a beak for a mouth.
You have claws for feet.
You can magically evade attacks while moving or waiting.


Message History

You peck the black bear, but do no damage.
The black bear is lightly wounded.
The black bear bites you but does no damage.
The black bear claws you but does no damage.
The black bear claws you.
You closely miss the black bear.
The black bear is lightly wounded.
You hit the black bear. You claw the black bear.
Your peck misses the black bear.
The black bear is heavily wounded.
The black bear bites you.
The black bear claws you but does no damage.
The black bear claws you.
You hit the black bear but do no damage.
The black bear is heavily wounded.
The black bear misses you.
The black bear claws you but does no damage.
The black bear claws you.
You hit the black bear. Your kick misses the black bear.
The black bear is severely wounded.
The black bear barely misses you. The black bear claws you.
The black bear barely misses you.
You hit the black bear. You claw the black bear.
The black bear is almost dead.
The black bear goes berserk!
You closely miss the black bear. Your kick misses the black bear.
The black bear is almost dead.
The black bear bites you! The black bear claws you. x2
* * * LOW HITPOINT WARNING * * *
You barely miss the black bear. Your kick misses the black bear.
The black bear is almost dead.
The black bear bites you.
* * * LOW HITPOINT WARNING * * *
The black bear misses you. The black bear claws you.
* * * LOW HITPOINT WARNING * * *
You hit the black bear but do no damage.
Your kick misses the black bear.
The black bear is almost dead.
The black bear bites you!
You die...

###
#####.################
##.....................
#...≈§≈≈..####.._..####
#....h@...†............
#.####..###############
#..#.....# ##.##....#
..#......#######
#.......#.##...#
#.........##...##
##..#......##...#
....###.#l.#....#####


You could see a black bear (berserk).

Vanquished Creatures
  A sky beast (D:4)
  An ogre (D:2)
  A hound (D:4)
  3 iguanas
  An adder (D:2)
  A dart slug (D:1)
  3 endoplasms
  3 giant cockroaches
  2 goblins
  5 hobgoblins
  7 jackals
  4 kobolds
  4 quokkas
  2 ball pythons
  12 bats
  4 frilled lizards
  2 rats
56 creatures vanquished.

Notes
Turn   | Place    | Note
-------+----------+-------------------------------------------
     0 | D:1      | Aneyh the Tengu Monk began the quest for the Orb.
     0 | D:1      | Reached XP level 1. HP: 14/14 MP: 2/2
   132 | D:1      | Reached XP level 2. HP: 11/19 MP: 3/3
   139 | D:1      | Reached skill level 4 in Polearms
   570 | D:2      | Reached XP level 3. HP: 11/23 MP: 4/4
   823 | D:2      | Noticed an ogre
   833 | D:2      | Killed an ogre
   834 | D:2      | Reached skill level 6 in Polearms
   834 | D:2      | Reached XP level 4. HP: 13/28 MP: 5/5
   834 | D:2      | Reached XP level 5. HP: 15/32 MP: 6/6
  1981 | D:3      | Reached skill level 1 in Long Blades
  2375 | D:4      | Noticed a black bear
  2382 | D:4      | Noticed a centaur
  2382 | D:4      | Noticed a sky beast
  2399 | D:4      | Found an ornate altar of the Wu Jian Council.
  2416 | D:4      | Reached XP level 6. HP: 37/37 MP: 7/7
  2433 | D:4      | Killed a sky beast
  2501 | D:4      | HP: 1/37 [black bear (1)]
  2502 | D:4      | Mangled by a black bear

Illustrated notes

Levels and vault maps discovered:
D:1:      amcnicky_arrival_underground_garden, layout_rooms,
          columned_hall_lemuel
D:2:      layout_rooms, reono_crystal_passage
D:3:      layout_basic
D:4:      layout_cave_pools, slow_altar_2, mainiacjoe_overflow_boulevard,
          minmay_temple_entry_water_ring

Skill      XL: |  1  2  3  4  5  6 |
---------------+-------------------+-----
Polearms       | 4 6 |  6.3
Long Blades    | 3 4 |  4.4
Fighting       | |  3.0
Dodging        | |  3.2

Action                     |  1- 3 |  4- 6 || total
---------------------------+-------+-------++-------
  Melee: Spear             |    98 |   109 ||   207
         Kick              |    19 |    29 ||    48
         Peck              |    12 |    12 ||    24
         Punch             |       |     2 ||     2
    Use: Scroll            |       |     7 ||     7
         Potion            |       |     3 ||     3
   Stab: Sleeping          |     3 |     1 ||     4
         Invisible         |       |     5 ||     5
 Armour: Robe              |    34 |    49 ||    83
  Dodge: Dodged            |    56 |    75 ||   131

Table legend: (Time is in decaauts)
 A = Elapsed time spent in this place.
 B = Non-inter-level travel time spent in this place.
 C = Inter-level travel time spent in this place.
 D = Time resting spent in this place.
 E = Time spent auto-exploring this place.
 F = Levels seen in this place.
 G = Mean time per level.
                   A        B        C        D        E       F      G
               +--------+--------+--------+--------+--------+-----+--------+
         Total |   2467 |   2303 |    164 |    277 |   1548 |   4 |  616.8 |
       Dungeon |   2467 |   2303 |    164 |    277 |   1548 |   4 |  616.8 |
               +--------+--------+--------+--------+--------+-----+--------+

Top non-repeatable levels by time:
     D:3: 1111 daAuts
     D:1: 609 daAuts
     D:2: 599 daAuts
     D:4: 147 daAuts
